 Dungeon Crawl Stone Soup version 0.30-a0-782-ge64f9170bb (webtiles) character file.

Game seed: 14258435621635331

25 senseless the Trooper (level 2, 0/24 HPs)
             Began as a Demonspawn Berserker on Mar 1, 2023.
             Was a Follower of Trog.
             Slain by Natasha (2 damage)
             ... on level 2 of the Dungeon.
             The game lasted 00:02:36 (1163 turns).

senseless the Trooper (Demonspawn Berserker)        Turns: 1163, Time: 00:02:37

Health: 0/24       AC:  6    Str: 17    XL:     2   Next: 82%
Magic:  2/2        EV: 12    Int:  8    God:    Trog [*.....]
Gold:   42         SH:  5    Dex: 12    Spells: 1/1 levels left

rFire   . . .      SeeInvis .    a - +1 mace
rCold   . . .      Faith    .    (no shield)
rNeg    . . .      Spirit   .    f - +0 scale mail
rPois   .          Reflect  +    (no helmet)
rElec   .          Harm     .    (no cloak)
rCorr   .          Rampage  .    (no gloves)
Will    .....                    (no boots) Stlth
                                 d - amulet of reflection
HPRegen 0.24/turn                (no ring)
MPRegen 0.08/turn                (no ring)

@: no status effects
A: repulsion field 1
a: Renounce Religion, Berserk


You were on level 2 of the Dungeon.
You worshipped Trog.
Trog was aware of your devotion.
You visited 1 branch of the dungeon, and saw 2 of its levels.

You collected 42 gold pieces.

Inventory:

Hand Weapons
 a - a +1 mace (weapon)
Armour
 b - a +0 animal skin
 f - a +0 scale mail (worn)
Jewellery
 d - an amulet of reflection (around neck)
Scrolls
 g - 2 scrolls of teleportation
 h - a scroll of amnesia {unknown}
 i - a scroll of magic mapping {unknown}
 k - a scroll of poison {unknown}
Potions
 c - a potion of attraction {unknown}
 e - 3 potions of curing {unknown}
 j - a potion of degeneration {unknown}


   Skills:
 + Level 3.3 Fighting
 + Level 3.2 Maces & Flails
 + Level 1.9 Armour
 + Level 1.8 Dodging


You had one spell level left.
You didn't know any spells.
Your spell library contained the following spells:

 Spells                   Type           Power      Damage    Failure   Level
 Stone Arrow              Conj/Erth      0%         3d7       99%         3
 Animate Armour           Summ/Erth      0%         N/A       100%        4
 Lehudib's Crystal Spear  Conj/Erth      0%         10d2      100%        8


Dungeon Overview and Level Annotations

Branches:
Dungeon (2/15)

Altars:

Annotations:
D:2 Natasha


Innate Abilities, Weirdness & Mutations

You are surrounded by a mild repulsion field. (EV +2)


Message History

g - 2 scrolls of teleportation (gained 1)
A goblin comes into view. It is wielding a +0 club.
The goblin shouts!
The goblin hits you but does no damage.
You hit the goblin. You punch the goblin.
You kill the goblin!
Trog accepts your kill.
No target in view!
Things that are here:
a +0 club; a goblin corpse Natasha, Servant of Life and Death comes into view.
Natasha hisses angrily.
Natasha drinks a potion.
Natasha's spells are empowered!
Natasha howls an incantation.
You feel disoriented. Natasha casts a spell at you. The magic dart hits you!
You closely miss Natasha. Natasha casts a spell at you.
The magic dart hits you.
Natasha stares at you and mumbles some strange words.
The magic dart hits you!
* * * LOW HITPOINT WARNING * * *
You are too injured to fight recklessly!
You are too injured to fight recklessly!
You sock Natasha!
Natasha is heavily wounded.
Natasha stares at you and mumbles some strange words.
You struggle to resist.
You miss Natasha.
Natasha is heavily wounded.
Natasha claws you.
* * * LOW HITPOINT WARNING * * *
You hit Natasha.
Natasha is severely wounded.
Natasha casts a spell.
You barely miss Natasha.
Natasha is severely wounded.
Natasha misses you. Natasha claws you.
You die...

##.# ...######. ##.
.......... ....
...######. ...
.......... ...
#..######. #.# #..# #.#
#..######.####.########.
................@h5.....
#...###.#.####.########.
#...# #.# #.# ....# #.#
#.# ....# #.# #.# ....#
#.# #.# ...####.######.#
.....).........#
.#.####.########


You could see Natasha (empowered) and a white imp (summoned).

Vanquished Creatures
  2 worms (D:2)
  2 dart slugs
  2 ball pythons (D:2)
  An endoplasm (D:2)
  3 goblins
  A kobold (D:1)
  2 bats
  A frilled lizard (D:1)
  2 rats (D:1)
16 creatures vanquished.

Notes
Turn   | Place    | Note
-------+----------+-------------------------------------------
     0 | D:1      | senseless the Demonspawn Berserker began the quest for the
                  | Orb.
     0 | D:1      | Reached XP level 1. HP: 18/18 MP: 1/1
   353 | D:1      | Gained mutation: You are surrounded by a mild repulsion
                  | field. (EV +2) [demonic ancestry]
   353 | D:1      | Reached XP level 2. HP: 24/24 MP: 2/2
  1156 | D:2      | Noticed Natasha
  1163 | D:2      | Slain by Natasha

Illustrated notes

Levels and vault maps discovered:
D:1:      enne_arrival_octagon_isle, layout_basic
D:2:      layout_basic, uniq_natasha

Skill      XL: |  1 |
---------------+----+-----
Maces & Flails | 3 |  3.2
Fighting       | |  3.3
Armour         | |  1.9
Dodging        | |  1.8

Action                     || total
---------------------------++-------
  Melee: Mace              ||    64
         Punch             ||     1
    Use: Scroll            ||     4
 Armour: Scale mail        ||    11
         Animal skin       ||     1
  Dodge: Dodged            ||    39
  Block: Other             ||     9

Table legend: (Time is in decaauts)
 A = Elapsed time spent in this place.
 B = Non-inter-level travel time spent in this place.
 C = Inter-level travel time spent in this place.
 D = Time resting spent in this place.
 E = Time spent auto-exploring this place.
 F = Levels seen in this place.
 G = Mean time per level.
                   A        B        C        D        E       F      G
               +--------+--------+--------+--------+--------+-----+--------+
         Total |   1178 |   1170 |      8 |     40 |    920 |   2 |  589.0 |
       Dungeon |   1178 |   1170 |      8 |     40 |    920 |   2 |  589.0 |
               +--------+--------+--------+--------+--------+-----+--------+

Top non-repeatable levels by time:
     D:2: 613 daAuts
     D:1: 564 daAuts
